 Dungeon Crawl Stone Soup version 0.31-a0-986-g5e6e4ef867 (webtiles) character file.

Game seed: 15716215727196940215

939 Fodor the Covered (level 7, -9/63 HPs)
             Began as a Minotaur Fighter on Nov 12, 2023.
             Shot with an arrow by a centaur (13 damage)
             ... on level 5 of the Dungeon.
             The game lasted 00:15:27 (3191 turns).

Fodor the Covered (Minotaur Fighter)                Turns: 3191, Time: 00:15:28

Health: -9/63      AC: 10    Str: 22    XL:     7   Next: 87%
Magic:  6/6        EV:  9    Int:  5    God:
Gold:   299        SH:  0    Dex: 10    Spells: 6/6 levels left

rFire   . . .        p - +7 Throatcutter {drain, coup de grace}
rCold   . . .        (no shield)
rNeg    . . .        g - +0 chain mail
rPois   .            (helmet restricted)
rElec   .            (no cloak)
rCorr   .            (no gloves)
SInv    .            (no boots)
Will    .....        (no amulet) Stlth
                     (no ring)
HPRegen 0.30/turn    (no ring)
MPRegen 0.10/turn

%: no passive effects
@: no status effects
A: horns 2, retaliatory headbutt
a: no special abilities


You were on level 5 of the Dungeon.
You visited 1 branch of the dungeon, and saw 5 of its levels.
You also visited: Sewer.

You collected 299 gold pieces.

Inventory:

Hand Weapons
 l - a +0 battleaxe
 p - the +7 Throatcutter (weapon) {drain, coup de grace}
   (You took it off Terence on level 3 of the Dungeon)
 z - the +8 sling of the Crawling Thing {freeze, rPois rF+ Dex+4}
   (You found it on level 5 of the Dungeon)

   Dex+4:     It affects your dexterity (+4).
   rF+:       It protects you from fire.
   rPois:     It protects you from poison
Missiles
 k - 3 boomerangs (quivered)
 y - 4 javelins
Armour
 c - a +0 buckler
 g - a +0 chain mail (worn)
Talismans
 n - a blade talisman
Wands
 o - a wand of charming (15)
Scrolls
 e - 3 scrolls of identify
 f - 2 scrolls of amnesia {unknown}
 h - 7 scrolls of poison
 m - 3 scrolls of fog {unknown}
 q - 3 scrolls of vulnerability {unknown}
 r - a scroll of fear {unknown}
 s - a scroll of silence {unknown}
 v - a scroll of brand weapon {unknown}
 w - a scroll of revelation {unknown}
Potions
 a - 3 potions of degeneration {unknown}
 b - 3 potions of magic {unknown}
 d - 2 potions of might
 i - a potion of ambrosia {unknown}
 j - 2 potions of heal wounds {unknown}
 t - 2 potions of attraction {unknown}
 u - a potion of cancellation {unknown}
 x - a potion of mutation {unknown}


   Skills:
 + Level 6.1 Fighting
 + Level 4.1 Long Blades
 + Level 6.1 Axes
 + Level 0.4 Throwing
 + Level 6.4 Armour
 + Level 1.7 Dodging
 + Level 4.2 Shields


You had 6 spell levels left.
You didn't know any spells.
Your spell library contained the following spells:

 Spells                   Type           Power      Damage    Failure   Level
 Kiss of Death            Conj/Necr      0%         2d5       96%         1
 Confusing Touch          Hex            0%         N/A       100%        3
 Dazzling Flash           Conj/Hex       0%         N/A       100%        3
 Dispel Undead            Necr           0%         3d6       100%        4
 Vhi's Electric Charge    Tloc/Air       0%         N/A       100%        4
 Agony                    Necr           0%         N/A       100%        5
 Arcjolt                  Conj/Air       0%         1d10      100%        5
 Silence                  Hex/Air        0%         N/A       100%        5
 Plasma Beam              Fire/Air       0%         2x1d10    100%        6


Dungeon Overview and Level Annotations

Branches:
Dungeon (5/15)              Sewer (visited)
 Temple: D:4-7

Altars:
Fedhas
Trog


Innate Abilities, Weirdness & Mutations

You have a pair of horns on your head.
You reflexively headbutt those who attack you in melee.


Message History

You miss something. You headbutt something. The orc barely misses you.
Something hits you but does no damage.
You closely miss something. The orc hits you but does no damage.
Something hits you.
You miss something. Your headbutt misses something.
Something hits you but does no damage. The orc hits you but does no damage.
You barely miss something. Something hits you but does no damage.
The orc hits you but does no damage. Something hits you but does no damage.
The orc closely misses you.
You slash something!
Reactivating autopickup.
You feel a bit more experienced. The orc closely misses you.
You furiously retaliate!
You headbutt the orc!
You kill the orc!
Your Fighting skill increases to level 6!
Things that are here:
a +0 dagger; a +0 robe; an orc corpse You see here a +0 mace.
Found a scroll labelled HEED ZOAHE and a brass ring.
A phantom comes into view.
You see here a ring of willpower.
The phantom hits you but does no damage.
You hit the phantom.
You behead the phantom!
You destroy the phantom!
Your Long Blades skill increases to level 4!
A centaur comes into view.
The centaur wields a +0 orcbow.
The centaur shoots an arrow.
The arrow hits you!
The centaur shoots an arrow.
The arrow hits you but does no damage.
The centaur shoots an arrow.
The arrow hits you!
The centaur shoots an arrow.
The arrow barely misses you.
The centaur shoots an arrow.
The arrow closely misses you.
The centaur shoots an arrow.
The arrow barely misses you.
The centaur shoots an arrow.
The arrow hits you!
The centaur shoots an arrow.
The arrow hits you!
* * * LOW HITPOINT WARNING * * *
The centaur shoots an arrow.
The arrow hits you!
* * * LOW HITPOINT WARNING * * *
The centaur shoots an arrow.
The arrow hits you!
You die...

#........#
#.....
#........+
#.....
#........#
#.....
##...=.?##
#####. #......#
#. #......#
#......#
..######......#
.......@......#
........#######
......c.'
........#.
........#..
........# ..
........# ...
........# ...


You could see a centaur.

Vanquished Creatures
  Sigmund (D:3)
  2 ogres
  2 phantoms
  A scorpion (D:5)
  2 iguanas
  Ijyb (D:3)
  Terence (D:3)
  2 orc wizards
  A hell rat (Sewer)
  6 adders
  6 river rats
  2 ufetubi (D:5)
  5 worms
  A dart slug (D:1)
  7 orcs
  7 ball pythons
  6 bats
  5 endoplasms
  4 giant cockroaches
  8 goblins
  10 hobgoblins
  7 jackals
  2 quokkas
  3 frilled lizards
  12 kobolds
  8 rats
112 creatures vanquished.

Notes
Turn   | Place    | Note
-------+----------+-------------------------------------------
     0 | D:1      | Fodor the Minotaur Fighter began the quest for the Orb.
     0 | D:1      | Reached XP level 1. HP: 19/19 MP: 0/0
   370 | D:1      | Reached XP level 2. HP: 26/27 MP: 1/1
   787 | D:2      | Reached XP level 3. HP: 32/33 MP: 2/2
  1502 | D:3      | Noticed Ijyb
  1512 | D:3      | Reached XP level 4. HP: 32/41 MP: 3/3
  1521 | D:3      | Killed Ijyb
  1526 | D:3      | Noticed Terence
  1534 | D:3      | Killed Terence
  1535 | D:3      | Reached XP level 5. HP: 40/47 MP: 4/4
  1561 | D:3      | Noticed Sigmund
  1566 | D:3      | Killed Sigmund
  1567 | D:3      | Reached skill level 5 in Fighting
  1567 | D:3      | Reached skill level 5 in Axes
  1567 | D:3      | Reached skill level 5 in Armour
  1567 | D:3      | Reached XP level 6. HP: 34/56 MP: 5/5
  1669 | D:3      | Found a faded altar of an unknown god.
  2089 | D:4      | Reached skill level 1 in Long Blades
  2185 | D:4      | Reached XP level 7. HP: 38/62 MP: 6/6
  2194 | D:4      | Found a bloodstained altar of Trog.
  2236 | D:4      | Found a glowing drain.
  2259 | Sewer    | Entered a sewer
  2265 | Sewer    | Reached skill level 1 in Dodging
  2780 | D:5      | Entered Level 5 of the Dungeon
  2806 | D:5      | Found a blossoming altar of Fedhas.
  2865 | D:5      | Identified the +8 sling of the Crawling Thing {freeze,
                  | rPois rF+ Dex+4}
  3191 | D:5      | Shot with an arrow by a centaur

Illustrated notes

Levels and vault maps discovered:
D:1:      minmay_arrival_stair_chambers, layout_loops_ring, nicolae_titane
D:2:      layout_loops_ring, minmay_tetromino_s2
D:3:      layout_basic, shapermc_ecumenical_altar_mp_vishouse, uniq_terence,
          uniq_sigmund, uniq_ijyb
D:4:      layout_basic, marbit_many_paths, portal_sewer_entry_a
D:5:      layout_gridville, fedhas_altar_1, uniq_crazy_yiuf_cottage

Skill      XL: |  1  2  3  4  5  6  7 |
---------------+----------------------+-----
Fighting       | 4 5 6 |  6.1
Armour         | 4 5 6 |  6.4
Shields        | 4 |  4.2
Axes           | 3 4 5 6 |  6.1
Long Blades    | 2 4 |  4.1
Dodging        | 1 |  1.7
Throwing       | |  0.4

Action                     |  1- 3 |  4- 6 |  7- 9 || total
---------------------------+-------+-------+-------++-------
  Melee: War axe           |    75 |       |       ||    75
         Headbutt          |    10 |    13 |     7 ||    30
         Battleaxe         |    32 |    12 |       ||    44
         Long sword        |       |    41 |    70 ||   111
         Punch             |       |       |     1 ||     1
  Throw: Boomerang         |       |       |     5 ||     5
    Use: Scroll            |       |       |     1 ||     1
 Armour: Scale mail        |    15 |       |       ||    15
         Chain mail        |   102 |    34 |   108 ||   244
  Dodge: Dodged            |    54 |    25 |    53 ||   132
  Block: Buckler           |    17 |       |       ||    17

Table legend: (Time is in decaauts)
 A = Elapsed time spent in this place.
 B = Non-inter-level travel time spent in this place.
 C = Inter-level travel time spent in this place.
 D = Time resting spent in this place.
 E = Time spent auto-exploring this place.
 F = Levels seen in this place.
 G = Mean time per level.
                   A        B        C        D        E       F      G
               +--------+--------+--------+--------+--------+-----+--------+
         Total |   3297 |   3253 |     44 |    105 |      0 |   6 |  549.5 |
       Dungeon |   3175 |   3131 |     44 |    105 |      0 |   5 |  635.0 |
         Sewer |    122 |    122 |      0 |      0 |      0 |   1 |  122.0 |
               +--------+--------+--------+--------+--------+-----+--------+

Top non-repeatable levels by time:
     D:2: 782 daAuts
     D:1: 741 daAuts
     D:4: 693 daAuts
     D:3: 539 daAuts
     D:5: 418 daAuts
   Sewer: 122 daAuts
